 Dungeon Crawl Stone Soup version 0.32-a0-913-g739538afd8 (webtiles) character file.

Game seed: 5233396246498941792

186 shadizar the Magician (level 5, -4/35 HPs)
             Began as a Djinni Conjurer on Apr 7, 2024.
             Slain by an orc warrior
             ... wielding a +3 dire flail
              (13 damage)
             ... on level 4 of the Dungeon.
             The game lasted 00:03:17 (2746 turns).

shadizar the Magician (Djinni Conjurer)             Turns: 2746, Time: 00:03:18

Health: -4/35      AC:  2    Str:  6    XL:     5   Next: 98%
Gold:   201        EV: 11    Int: 21    God:
                   SH:  0    Dex: 12

rFire   + + .        q - staff of alchemy
rCold   x . .        (no shield)
rNeg    . . .        a - +0 robe
rPois   ∞            (no helmet)
rElec   .            (no cloak)
rCorr   .            (no gloves)
SInv    .            (boots unavailable)
Will    .....        (no amulet)
Stlth   ++           (no ring)
HPRegen 0.25/turn    (no ring)

%: infuse magic (-5 HP)
@: flying
A: sickness immunity, fire resistance 2, cold vulnerability 1, float, innate
caster, HP casting, extra vitality 1
a: no special abilities


You were on level 4 of the Dungeon.
You visited 1 branch of the dungeon, and saw 4 of its levels.

You collected 201 gold pieces.

Inventory:

Armour
 a - a +0 robe (worn)
Magical Staves
 q - a staff of alchemy (weapon)
Jewellery
 v - an amulet of the acrobat
Wands
 r - a wand of light (9)
Scrolls
 d - a scroll of immolation {unknown}
 e - a scroll of teleportation {unknown}
 f - 2 scrolls of enchant armour {unknown}
 i - 2 scrolls of fear {unknown}
 k - a scroll of vulnerability {unknown}
 l - a scroll of enchant weapon {unknown}
 o - a scroll of brand weapon {unknown}
 p - a scroll of noise {unknown}
 t - a scroll of acquirement {unknown}
 u - a scroll of silence {unknown}
Potions
 b - a potion of degeneration {unknown}
 c - 2 potions of heal wounds {unknown}
 g - a potion of curing
 h - 2 potions of enlightenment {unknown}
 j - a potion of mutation {unknown}
 m - a potion of cancellation {unknown}
 n - a potion of lignification {unknown}
 s - 2 potions of magic {unknown}
 w - 2 potions of resistance {unknown}


   Skills:
 - Level 2.1 Dodging
 - Level 1.5 Stealth
 + Level 5.5 Spellcasting
 + Level 5.5 Conjurations
 + Level 5.5 Hexes
 + Level 5.5 Summonings
 + Level 5.5 Necromancy
 + Level 5.5 Translocations
 + Level 5.5 Fire Magic
 + Level 5.5 Ice Magic
 + Level 5.5 Air Magic
 + Level 5.5 Earth Magic
 + Level 5.5 Alchemy


You knew the following spells:

 Your Spells              Type           Power      Damage    Failure   Level
a - Magic Dart            Conj           100%       1d8       1%          1
b - Searing Ray           Conj           58%        2d6       1%          2
c - Fulminant Prism       Conj/Alch      21%        3d12      11%         4
d - Iskenderun's Mystic Conj/Tloc 29%            2d7        (+2d3     11%         4
e - Apportation           Tloc           58%        N/A       1%          1
f - Jinxbite              Hex            58%        N/A       1%          2
Your spell library was empty.

Dungeon Overview and Level Annotations

Branches:
Dungeon (4/15)
 Temple: D:4-7

Altars:
Wu Jian
Xom

Shops:
D:1 (

Annotations:
D:4 1 runed translucent door, NotYourErnst's ghost, amateur GrGl


Innate Abilities, Weirdness & Mutations

You are immune to sickness and miasma.
You are immune to poison.
Your flesh is very heat resistant. (rF++)
You are vulnerable to cold. (rC-)
You float through the air rather than walking.
You learn spells naturally, not from books.
Your magical power is your life essence.
You have superior vitality. (+4 MHP)


Message History

The magic dart hits the orc warrior but does no damage.
The orc warrior is lightly wounded.
Casting: Magic Dart (safe; 1% risk of failure)
Confirm with . or Enter, or press ? or * to list all spells.
Okay, then.
Casting: Magic Dart (safe; 1% risk of failure)
Confirm with . or Enter, or press ? or * to list all spells.
Aiming: Searing Ray (safe; 1% risk of failure)
Press: ? - help, Shift-Dir - straight line, f/p - orc warrior
Aim: an orc warrior, wielding a +3 dire flail and wearing a +0 chain mail (lightly wounded, 77% to hit)
The searing ray hits the orc warrior.
The orc warrior is moderately wounded. (Press . to maintain the ray.) Unknown command.
Unknown command.
Unknown command.
The searing ray hits the orc warrior.
The orc warrior is moderately wounded.
An orc comes into view. It is wielding a +0 club. x2
The searing ray hits the orc warrior!
The orc warrior is severely wounded.
The orc warrior hits you with a +3 dire flail!!
Ouch! That really hurt!
* * * LOW HITPOINT WARNING * * *
An orc comes into view. It is wielding a +0 club.
Casting: Searing Ray (safe; 1% risk of failure)
Confirm with . or Enter, or press ? or * to list all spells.
You erupt in a blast of force!
The mystic blast hits the orc warrior.
The orc warrior is severely wounded.
The orc warrior is knocked back by the mystic blast.
The orc shouts! x2
* * * LOW HITPOINT WARNING * * *
Unknown command.
Unknown command.
Unknown command.
Unknown command.
Unknown command.
It was a potion of curing.
You feel better.
The orc warrior hits you with a +3 dire flail!
You die...

#...... #. #.# .......
#. #.# ....o.. #.##.#
..oo... #..#.# .......
#~~~##.#.##..).... ..
#~~~#......o...... ...
#~S~#.....@.......
....#~rW##.#...##..###
....##+##..#.### #
.........##...#
.........##.###
............#
.........###
.......#.# ####.##..#


You could see an orc warrior and 3 orcs.

Vanquished Creatures
  2 bombardier beetles
  An adder (D:2)
  4 gnolls (D:4)
  2 dart slugs
  4 ribbon worms
  8 endoplasms
  4 goblins
  6 hobgoblins
  5 jackals
  8 kobolds
  2 quokkas (D:1)
  5 ball pythons
  5 bats
  2 frilled lizards
  7 rats
65 creatures vanquished.

Notes
Turn   | Place    | Note
-------+----------+-------------------------------------------
     0 | D:1      | shadizar the Djinni Conjurer began the quest for the Orb.
     0 | D:1      | shadizar set off with the following spells memorised: Magic
                  | Dart, Searing Ray, Fulminant Prism, Iskenderun's Mystic
                  | Blast.
     0 | D:1      | Reached XP level 1. HP: 15/15 MP: 0/0
    21 | D:1      | Found Oxoxke's Weapon Shop.
   121 | D:1      | Reached XP level 2. HP: 19/21 MP: 0/0
   421 | D:1      | Reached XP level 3. HP: 21/25 MP: 0/0
   421 | D:1      | Learned a level 1 spell: Apportation
  1146 | D:2      | Reached XP level 4. HP: 25/31 MP: 0/0
  1924 | D:3      | Found an ornate altar of the Wu Jian Council.
  2110 | D:3      | Reached XP level 5. HP: 34/35 MP: 0/0
  2110 | D:3      | Learned a level 2 spell: Jinxbite
  2158 | D:3      | Reached skill level 5 in Spellcasting
  2158 | D:3      | Reached skill level 5 in Conjurations
  2158 | D:3      | Reached skill level 5 in Hexes
  2158 | D:3      | Reached skill level 5 in Summonings
  2158 | D:3      | Reached skill level 5 in Necromancy
  2158 | D:3      | Reached skill level 5 in Translocations
  2158 | D:3      | Reached skill level 5 in Fire Magic
  2158 | D:3      | Reached skill level 5 in Ice Magic
  2158 | D:3      | Reached skill level 5 in Air Magic
  2158 | D:3      | Reached skill level 5 in Earth Magic
  2158 | D:3      | Reached skill level 5 in Alchemy
  2280 | D:3      | Found a shimmering altar of Xom.
  2702 | D:4      | Found a runed translucent door.
  2706 | D:4      | Noticed NotYourErnst's ghost (amateur GrGl)
  2737 | D:4      | Noticed an orc warrior
  2746 | D:4      | Slain by an orc warrior

Illustrated notes

Levels and vault maps discovered:
D:1:      shiori_shiawase, layout_rooms, serial_forest,
          infiniplex_forest_straight_1, infiniplex_forest_3_way,
          infiniplex_forest_3_way, infiniplex_forest_clump_large,
          infiniplex_forest_lined_corner, infiniplex_forest_straight_3,
          serial_shops, shop, serial_bayou_ford_a
D:2:      layout_basic, kennysheep_cluttered_room, minmay_misc_feat_alley,
          minmay_stone_trees_medium
D:3:      layout_loops_corners, xom_redecorated, nzn_wu_jian_contemplation,
          serial_bayou_pond_b, minmay_surrounded
D:4:      layout_rooms, ebering_ghost_sewer_f, chequers_serial_rivers_micro_e,
          st_stairs_9, uniq_sigmund, uniq_grinder

Skill      XL: |  1  2  3  4  5 |
---------------+----------------+-----
Spellcasting   | 4 5 |  5.5
Conjurations   | 4 5 |  5.5
Hexes          | 4 5 |  5.5
Summonings     | 4 5 |  5.5
Necromancy     | 4 5 |  5.5
Translocations | 4 5 |  5.5
Fire Magic     | 4 5 |  5.5
Ice Magic      | 4 5 |  5.5
Air Magic      | 4 5 |  5.5
Earth Magic    | 4 5 |  5.5
Alchemy        | 4 5 |  5.5
Dodging        | |  2.1
Stealth        | |  1.5

Action                     |  1- 3 |  4- 6 || total
---------------------------+-------+-------++-------
  Melee: Staff             |       |     1 ||     1
   Cast: Magic Dart        |   104 |    62 ||   166
         Iskenderun's Myst |       |     3 ||     3
         Searing Ray       |       |     3 ||     3
    Use: Potion            |       |     1 ||     1
 Armour: Robe              |     6 |     9 ||    15
  Dodge: Dodged            |    14 |     4 ||    18

Table legend: (Time is in decaauts)
 A = Elapsed time spent in this place.
 B = Non-inter-level travel time spent in this place.
 C = Inter-level travel time spent in this place.
 D = Time resting spent in this place.
 E = Time spent auto-exploring this place.
 F = Levels seen in this place.
 G = Mean time per level.
                   A        B        C        D        E       F      G
               +--------+--------+--------+--------+--------+-----+--------+
         Total |   2746 |   2649 |     97 |      0 |   2319 |   4 |  686.5 |
       Dungeon |   2746 |   2649 |     97 |      0 |   2319 |   4 |  686.5 |
               +--------+--------+--------+--------+--------+-----+--------+

Top non-repeatable levels by time:
     D:3: 1040 daAuts
     D:2: 803 daAuts
     D:1: 788 daAuts
     D:4: 114 daAuts
